 Dungeon Crawl Stone Soup version 0.21-a0-508-gf08a75f (webtiles) character file.

56 Gerstahl the Slasher (level 3, 0/34 HPs)
             Began as a Naga Skald on Nov 29, 2017.
             Slain by an orc
             ... wielding a +0 falchion
              (3 damage)
             ... on level 2 of the Dungeon.
             The game lasted 00:02:45 (717 turns).

Gerstahl the Slasher (Naga Skald)                    Turns: 717, Time: 00:02:47

Health: 0/34       AC:  2    Str: 14    XL:     3   Next: 97%
Magic:  4/6        EV:  9    Int: 13    God:
Gold:   80         SH:  0    Dex: 10    Spells: 5/6 levels left

rFire    . . .     SeeInvis +   a - +0 falchion
rCold    . . .     Gourm    .   (no shield)
rNeg     . . .     Faith    .   b - +0 leather armour
rPois    +         Spirit   .   (no helmet)
rElec    .         Reflect  .   (no cloak)
rCorr    .         Harm     .   (no gloves)
MR       .....                  (no barding)
Stlth    +.........             (no amulet)
HPRegen  0.11/turn              (no ring)
MPRegen  0.10/turn              (no ring)

@: short of breath, infused (expiring), very slow
A: large, see invisible, deformed body, poison resistance, slowness 2, slow
metabolism 1, spit poison 1, AC +1
a: Spit Poison


You were on level 2 of the Dungeon.
You were not hungry.

You visited 1 branch of the dungeon, and saw 2 of its levels.

You collected 80 gold pieces.

Inventory:

Hand Weapons
 a - a +0 falchion (weapon)
Armour
 b - a +0 leather armour (worn)
Scrolls
 e - a scroll of remove curse {unknown}
 f - 3 scrolls of teleportation {unknown}
 j - a scroll of immolation {unknown}
 k - a scroll of fear {unknown}
 n - a scroll of random uselessness {unknown}
Potions
 h - a potion of magic {unknown}
 l - a potion of ambrosia {unknown}
 o - a potion of heal wounds {unknown}
Books
 c - a book of Battle

   Spells                             Type                      Level
   a - Infusion                       Charms                       1
   b - Shroud of Golubria             Charms/Translocation         2
   c - Song of Slaying                Charms                       2
   d - Spectral Weapon                Hexes/Charms                 3
   e - Regeneration                   Charms/Necromancy            3
Comestibles
 d - a bread ration
 g - a meat ration
 i - a royal jelly
 m - a chunk of flesh


   Skills:
 + Level 3.2 Fighting
 + Level 3.2 Long Blades
 - Level 0.7 Armour
 - Level 1.5 Dodging
 - Level 2.0 Spellcasting
 - Level 3.0 Charms


You had 5 spell levels left.
You knew the following spells:

 Your Spells              Type           Power        Failure   Level  Hunger
a - Infusion              Chrm           #...         10%         1    ##.....


Dungeon Overview and Level Annotations

Branches:
Dungeon (2/15)

Altars:


Innate Abilities, Weirdness & Mutations

You cannot wear boots.
Your serpentine skin is tough. (AC +1)
You have supernaturally acute eyesight. (SInv)
Armour fits poorly on your strangely shaped body.
Your system is resistant to poisons. (rPois)
You cover ground very slowly.
You have a slow metabolism.
You can spit poison.


Message History

The orc wizard is almost dead.
The orc wizard hits you with a dagger.
* * * LOW HITPOINT WARNING * * *
The orc wizard looks encouraged for a moment.
You barely miss the orc wizard.
The orc wizard is almost dead.
Your magical infusion is running out.
The orc wizard hits you with a dagger.
* * * LOW HITPOINT WARNING * * *
You hit the orc wizard.
You kill the orc wizard!
Your Fighting skill increases to level 3!
Your Long Blades skill increases to level 3!
You have got your breath back.
Press: ? - help, Shift-Dir - straight line, f - orc
Aim: an orc, wielding a falchion and wearing a chain mail (heavily wounded)
The splash of poison hits the orc.
The orc is poisoned.
The orc is almost dead.
You feel slightly more hungry. The orc hits you with a falchion.
You die...

#.# #.# . #.###########..
#####.#((..........
..#...(.###....##. ###
#.#.....# #....# ....#
#.#.....###....#####
......#.###.#.#...........
#...o@..#.#.#....####
#..g#####.#.#.)..# #....
#.# #....### #...## .#
#......# ...... .#
#......# #.#.#.# #......#
.....#.# .#......###
.....#.# #.......<.((
###......###


You could see an orc and a goblin.

Vanquished Creatures
  An orc wizard (D:2)
  An ooze (D:1)
  A dart slug (D:1)
  A leopard gecko (D:1)
  An orc (D:2)
  A giant cockroach (D:1)
  A quokka (D:2)
  4 bats (D:1)
  A frilled lizard (D:2)
  2 goblins (D:2)
  3 kobolds
  4 rats
21 creatures vanquished.

Notes
Turn   | Place    | Note
-------+----------+-------------------------------------------
     0 | D:1      | Gerstahl the Naga Skald began the quest for the Orb.
     0 | D:1      | Reached XP level 1. HP: 19/19 MP: 3/3
   140 | D:1      | Reached XP level 2. HP: 27/27 MP: 5/5
   686 | D:2      | Reached XP level 3. HP: 23/33 MP: 6/6
   717 | D:2      | Slain by an orc

Vault maps used:
D:1:      erik_arrival_triangle_large
D:2:      kennysheep_generic_room_8, uniq_robin, uniq_jessica

Skill      XL: |  1  2  3 |
---------------+----------+-----
Fighting       | 3 |  3.2
Long Blades    | 3 |  3.2
Armour         | |  0.7
Dodging        | |  1.5
Spellcasting   | |  2.0
Charms         | |  3.0

Action                   || total
-------------------------++-------
Melee: Falchion          ||    43
 Cast: Infusion          ||     3
 Abil: Spit Poison       ||    15
Armor: Leather armour    ||    15
Dodge: Dodged            ||    30
       Rpst.: Falchion   ||     8

Table legend:
 A = Spawn XP
 B = Non-spawn XP
 C = Spawn XP percentage of total XP
 D = Spawn monster count
 E = Non-spawn monster count
 F = Spawn count percentage of total count
 G = Total turns spent on level
                    A         B        C        D         E        F      G
               +---------+---------+-------+---------+---------+-------+---------
         Total |       0 |      81 |   0.0 |       0 |      21 |   0.0 |   717
               +---------+---------+-------+---------+---------+-------+---------
           D:1 |       0 |      25 |   0.0 |       0 |      12 |   0.0 |   636
           D:2 |       0 |      56 |   0.0 |       0 |       9 |   0.0 |    81
               +---------+---------+-------+---------+---------+-------+---------
